Map: Ascension to Aiur LE

Players

Namshar - Winner!

  • Race: Zerg Zerg
  • Spawn Location: 11:00

Arctur

  • Race: Terran Terran
  • Spawn Location: 5:00

Event: WCS Valencia 2017

VOD

Have the link to the VOD?

Description

Time

  • Played on: July 13, 2017, 9:50 a.m.
  • Length: 16:12

All games in this series

Show
View Real Time Build Order
Export as new Build Order

Namshar Zerg - Winner!

Build Orders: Pool First 

Get SALT Encoding   

  12  0:00  Drone  
  13  0:12  Overlord  
  13  0:17  Drone  
  14  0:30  Drone x2  
  14  0:34  Drone  
  17  0:44  Extractor  
  17  0:45  Drone  
  17  0:50  Spawning Pool  
  17  0:55  Drone  
  17  1:06  Drone  
  18  1:17  Hatchery  
  17  1:21  Drone  
  18  1:27  Drone  
  19  1:36  Queen  
  21  1:40  Zergling x2  
  22  1:49  Overlord  
  22  2:09  Drone  
  22  2:10  Drone  
  22  2:12  Queen  
  26  2:21  Drone  
  27  2:29  Queen  
  29  2:30  Drone  
  29  2:34  Overlord  
  30  2:41  Zergling x2  
  31  2:45  Roach Warren, Drone  
  31  2:53  Queen  
  33  3:03  Overlord  
  33  3:15  Drone x3  
  36  3:25  Roach  
  36  3:26  Roach x5  
  44  3:50  Drone  
  44  3:51  Drone x6  
  44  3:55  Ravager  
  52  3:58  Overlord  
  52  4:05  Overlord  
  52  4:12  Overlord  
  52  4:16  Ravager, Queen  
  55  4:17  Drone x4  
  55  4:19  Extractor  
  55  4:20  Extractor  
  55  4:21  Overlord  
  57  4:26  Drone x2  
  57  4:31  Drone x2  
  61  4:33  Ravager  
  62  4:47  Roach  
  62  4:48  Roach  
  62  4:52  Hatchery  
  65  4:55  Queen  
  65  4:57  Drone x3  
  65  4:58  Overlord  
  65  4:59  Evolution Chamber  
  69  5:10  Lair, Overlord  
  69  5:14  Drone  
  70  5:15  Extractor  
  70  5:20  Drone  
  70  5:21  Drone x2  
  72  5:23  Overlord  
  72  5:27  Drone  
  72  5:28  Zerg Ground Armor Level 1  
  70  5:38  Drone x2  
  70  5:39  Drone x5  
  77  5:45  Evolution Chamber  
  77  5:46  Drone  
  77  5:59  Roach x2  
  77  6:00  Roach  
  77  6:02  Overlord x2  
  77  6:04  Queen, Drone  
  86  6:12  Overlord  
  86  6:13  Glial Reconstitution  
  86  6:14  Zerg Melee Weapons Level 1  
  86  6:15  Drone  
  86  6:18  Infestation Pit  
  86  6:20  Drone x5  
  86  6:24  Drone x2  
  93  6:33  Overlord  
  93  6:34  Burrow  
  93  6:36  Drone  
  93  6:37  Drone x5  
  98  6:44  Overlord  
  98  6:49  Drone x2  
  98  6:50  Roach x2  
  104  6:59  Extractor x2  
  104  7:00  Infestor  
  104  7:01  Infestor x2  
  104  7:05  Drone x2  
  104  7:06  Drone  
  104  7:07  Hatchery  
  110  7:12  Roach  
  110  7:13  Roach x3  
  118  7:25  Hive  
  118  7:29  Roach x4  
  126  7:41  Roach x3  
  132  7:48  Queen  
  132  7:49  Zerg Ground Armor Level 2  
  132  7:51  Overlord x2  
  134  7:54  Drone x5  
  134  7:55  Drone, Overlord  
  134  7:56  Overlord  
  134  8:05  Roach  
  134  8:06  Roach x5  
  134  8:12  Zerg Melee Weapons Level 2  
  144  8:30  Roach x6  
  144  8:34  Extractor  
  155  8:35  Ravager x3  
  155  8:36  Ravager  
  155  8:37  Extractor, Overlord x2  
  155  8:40  Spore Crawler, Drone x2  
  159  8:41  Spine Crawler  
  159  8:42  Spine Crawler  
  159  8:46  Drone, Ultralisk Cavern  
  157  9:06  Drone x3  
  157  9:07  Roach x2  
  157  9:08  Roach x7  
  175  9:17  Drone x3  
  178  9:31  Drone, Adrenal Glands  
  179  9:32  Chitinous Plating, Drone  
  179  9:33  Hatchery  
  179  9:38  Drone x2  
  179  9:40  Spine Crawler  
  179  9:42  Ultralisk  
  186  9:47  Ravager x5  
  186  9:51  Hatchery  
  166  10:03  Ultralisk  
  164  10:07  Ultralisk, Zergling x6  
  164  10:08  Zergling x8  
  164  10:13  Ravager x2  
  177  10:16  Drone  
  177  10:18  Pneumatized Carapace  
  173  10:29  Hatchery  
  161  10:36  Ultralisk x2  
  161  10:38  Zergling x20  
  181  10:52  Ultralisk, Zergling x2  
  181  10:53  Zergling x8  
  187  11:01  Zerg Ground Armor Level 3  
  187  11:06  Queen  
  187  11:10  Zerg Melee Weapons Level 3  
  183  11:12  Zergling x2  
  183  11:13  Zergling x18  
  148  11:26  Metabolic Boost  
  145  11:37  Pathogen Glands  
  145  11:41  Drone x3  
  145  11:42  Spire  
  145  11:43  Baneling Nest  
  146  11:52  Ultralisk x2  
  158  11:54  Queen  
  158  11:55  Queen  
  158  11:56  Queen  
  164  12:02  Ultralisk  
  170  12:11  Ultralisk, Zergling x12  
  180  12:20  Ultralisk, Zergling x4  
  174  12:30  Ultralisk, Zergling x6  
  182  12:41  Ultralisk, Zergling x2  
  182  12:42  Zergling x8  
  180  12:54  Ultralisk, Zergling x10  
  159  13:09  Infestor x3  
  165  13:18  Ultralisk, Zergling x20  
  181  13:25  Centrifical Hooks  
  181  13:29  Greater Spire  
  181  13:34  Drone  
  181  13:39  Infestor  
  177  13:49  Queen x2  
  176  14:01  Ultralisk x2, Zergling x2  
  176  14:02  Zergling x10  
  178  14:11  Queen  
  180  14:18  Corruptor x5  
  190  14:32  Zergling x2  
  190  14:33  Zergling x8  
  167  14:53  Infestor x3  
  167  14:57  Roach  
  167  14:58  Roach x4  
  180  15:00  Ultralisk, Zergling x14  
  180  15:06  Zergling x2  
  189  15:07  Zergling x16  
  194  15:20  Corruptor x4  
  198  15:32  Hatchery  
Show
View Real Time Build Order
Export as new Build Order

Arctur Terran 

Build Orders: Bio Tank 

Get SALT Encoding   

  12  0:00  SCV  
  13  0:13  SCV  
  14  0:19  Supply Depot  
  14  0:25  SCV  
  15  0:41  SCV, Barracks  
  16  0:44  Refinery  
  16  0:53  SCV  
  17  1:00  Barracks  
  17  1:05  SCV  
  18  1:17  SCV  
  19  1:28  Reaper  
  19  1:29  Orbital Command  
  20  1:37  Barracks  
  20  1:42  Refinery  
  20  1:48  Reaper  
  20  1:54  Supply Depot  
  21  1:58  SCV  
  22  2:04  Reaper  
  23  2:15  SCV  
  24  2:17  Supply Depot  
  24  2:21  Reaper  
  25  2:28  Reaper  
  26  2:31  SCV  
  27  2:39  Reaper  
  28  2:46  SCV  
  29  2:54  Reaper, Command Center  
  30  3:01  Reaper  
  30  3:02  SCV  
  32  3:11  Reaper  
  33  3:14  SCV  
  34  3:20  Supply Depot  
  34  3:27  Reaper  
  35  3:34  Reaper  
  36  3:35  SCV  
  37  3:44  Reaper  
  37  3:50  SCV  
  37  3:52  Command Center  
  38  4:00  Reaper  
  40  4:02  SCV  
  40  4:07  Orbital Command, Barracks Tech Lab  
  40  4:15  SCV  
  41  4:18  Barracks Reactor  
  41  4:26  Factory  
  41  4:27  SCV  
  42  4:32  Stimpack  
  42  4:33  SCV  
  42  4:37  Barracks Reactor  
  43  4:39  SCV, Refinery  
  43  4:40  Refinery  
  43  4:45  SCV  
  44  4:49  Marine  
  44  4:51  SCV  
  46  4:57  SCV, Engineering Bay x2  
  47  5:00  Marine x2  
  47  5:03  SCV  
  50  5:08  Orbital Command  
  50  5:09  SCV  
  50  5:23  Starport, Factory Reactor  
  50  5:24  SCV x2  
  50  5:25  Marine x3  
  55  5:29  Marine x2  
  57  5:36  Terran Infantry Armor Level 1, Terran Infantry Weapons Level 1  
  57  5:39  SCV  
  57  5:40  SCV  
  57  5:41  Orbital Command  
  59  5:43  Marine x2  
  59  5:47  Marine, Supply Depot  
  62  5:50  Marine x2  
  62  5:53  SCV x2  
  66  6:05  SCV  
  66  6:06  SCV x2, Supply Depot  
  66  6:09  Factory Tech Lab  
  67  6:14  Barracks  
  67  6:15  Barracks  
  67  6:17  SCV  
  68  6:18  SCV x2  
  68  6:23  Medivac x2  
  68  6:24  Marine x3  
  76  6:29  SCV  
  76  6:30  SCV  
  78  6:33  Combat Shields  
  78  6:40  Marine x2  
  78  6:42  Marine, SCV  
  78  6:44  Siege Tank  
  85  6:47  Armory  
  85  6:48  SCV x2  
  85  6:50  Supply Depot  
  85  6:52  Supply Depot  
  88  6:54  SCV  
  88  6:57  Marine x2  
  88  6:58  Marine  
  88  7:00  SCV x2  
  93  7:04  Barracks Reactor  
  93  7:05  Barracks Reactor  
  93  7:07  Refinery  
  93  7:09  Factory  
  93  7:11  Marine, SCV  
  93  7:12  SCV x2  
  97  7:17  Supply Depot  
  97  7:18  Supply Depot  
  97  7:20  Siege Tank  
  97  7:21  Marine  
  101  7:23  SCV  
  101  7:24  SCV  
  101  7:25  Marine x2  
  101  7:27  Marine  
  101  7:29  Marine, SCV  
  108  7:35  SCV, Supply Depot  
  109  7:38  SCV  
  109  7:39  Supply Depot  
  109  7:44  Marine x3  
  109  7:45  Marine x5  
  109  7:47  Medivac  
  109  7:49  SCV  
  109  7:51  Medivac  
  120  7:54  Siege Tank  
  123  8:04  Marine x8  
  122  8:08  Marine  
  122  8:09  Factory Tech Lab  
  122  8:12  Terran Infantry Weapons Level 2  
  122  8:18  Terran Vehicle Weapons Level 1  
  122  8:19  Supply Depot  
  122  8:20  Terran Infantry Armor Level 2  
  122  8:24  Marine x3  
  122  8:26  Siege Tank  
  128  8:32  Siege Tank, Marine  
  128  8:33  Supply Depot  
  132  8:35  Medivac, Supply Depot  
  132  8:37  Medivac  
  136  8:46  Marine x7  
  143  8:55  Marine x2  
  144  8:58  Siege Tank  
  143  9:04  Siege Tank, Marine x6  
  143  9:06  Marine  
  153  9:13  Marine x2  
  153  9:22  Marine x6  
  153  9:24  Marine  
  156  9:26  Command Center  
  156  9:30  Siege Tank, Marine  
  156  9:31  Marine  
  159  9:37  Siege Tank  
  162  9:39  Marine  
  162  9:40  Marine x2  
  162  9:43  Marine  
  165  9:49  Marine, Barracks x2  
  165  9:50  Marine x2, Barracks  
  163  9:53  Supply Depot  
  163  9:55  Supply Depot  
  163  9:56  Supply Depot  
  141  10:00  Marine x5  
  141  10:01  Marine  
  141  10:02  Siege Tank  
  141  10:06  Marine, Medivac x2  
  142  10:07  Marine x2  
  142  10:09  Siege Tank  
  147  10:18  Marine x5  
  147  10:20  Marine  
  153  10:24  Marine  
  150  10:34  Siege Tank  
  139  10:36  Marine x7, Medivac x2  
  139  10:37  Marauder  
  139  10:41  Siege Tank  
  152  10:46  Marine x4  
  152  10:48  Liberator  
  155  10:53  Marine  
  155  10:54  Marine  
  156  10:58  Marauder  
  156  11:04  Barracks Tech Lab x2  
  158  11:05  Barracks Tech Lab, Medivac, Marine x2  
  158  11:06  Siege Tank  
  158  11:09  Marine  
  168  11:13  Siege Tank  
  168  11:17  Marine  
  168  11:18  Marine  
  148  11:19  Marauder  
  135  11:29  Marauder, Marine x8  
  130  11:35  Marine x2  
  132  11:41  Marauder  
  132  11:46  Terran Infantry Weapons Level 3  
  132  11:47  Marine  
  134  11:48  Marauder  
  134  11:51  Terran Infantry Armor Level 3  
  137  11:56  Siege Tank, Refinery  
  140  12:02  Marauder  
  140  12:05  Siege Tank, Marine  
  146  12:09  Marine  
  146  12:10  Marauder, Marine x2  
  146  12:12  Marauder, Marine  
  153  12:28  Siege Tank  
  143  12:30  Marauder, Marine x2  
  141  12:37  Siege Tank, Marauder  
  141  12:39  Marine  
  141  12:40  Marauder, Marine x6  
  154  12:48  Marine x2  
  154  12:52  Marauder  
  154  12:57  Marine x2  
  147  12:58  Marauder  
  147  12:59  Marauder  
  147  13:00  Siege Tank  
  147  13:05  Marine  
  124  13:06  Marauder, Marine x5  
  124  13:09  Siege Tank, Liberator  
  124  13:11  Liberator, Planetary Fortress  
  133  13:13  Marine  
  133  13:15  Marine  
  137  13:20  Marauder  
  137  13:24  Ghost Academy  
  137  13:25  Marauder, Marine x5  
  150  13:35  Refinery  
  150  13:36  Refinery  
  150  13:47  Siege Tank x2  
  156  13:55  Orbital Command  
  106  14:10  Marauder, Marine x7  
  106  14:11  Marauder, Marine x3  
  120  14:19  Siege Tank  
  120  14:20  Siege Tank  
  126  14:28  Marine x8  
  126  14:29  Marauder x2, Command Center  
  138  14:31  Marine  
  136  14:40  Marauder  
  120  14:46  Marine  
  120  14:51  Marine x5  
  120  14:52  Siege Tank x2, Marauder, Marine x3  
  110  14:54  Orbital Command  
  110  14:59  SCV  
  109  15:04  SCV  
  109  15:11  SCV  
  110  15:17  Orbital Command  
  110  15:24  Siege Tank  
  110  15:27  Siege Tank  
  116  15:28  Marine  
  116  15:29  Marauder  
  116  15:33  Marine  
  116  15:34  Marauder  
  121  15:36  Marine  
  122  15:50  Marine x4  
  122  15:53  Marine x2  
Tags
 
Add a new tag
Caveats
  • Supply blocks, unpowered buildings, or Contaminate may cause inaccurate times.
  • Supply counts are checked every 10 seconds.